 Dungeon Sprint DCSS version 0.22.1-2-g9c5b331383 (webtiles) character file.

5129 Groucho the Unseen (level 10, -3/53 HPs)
             Began as a Spriggan Enchanter on Dec 28, 2018.
             Was an Elder of Dithmenos.
             Shot with an arrow by a deep elf master archer (27 damage)
             ... in the Dungeon (Sprint II: "The Violet Keep of Menkaure").
             The game lasted 00:06:44 (1159 turns).

Groucho the Unseen (Spriggan Enchanter)             Turns: 1159, Time: 00:06:46

Health: -3/53      AC:  2    Str:  6    XL:     10   Next: 33%
Magic:  18/24      EV: 32    Int: 16    God:    Dithmenos [****..]
Gold:   542        SH:  0    Dex: 19    Spells: 18/27 levels left

rFire    + . .     SeeInvis +   a - +1 dagger
rCold    . . .     Gourm    .   (shield restricted)
rNeg     . . .     Faith    .   b - +0 robe
rPois    +         Spirit   .   (helmet restricted)
rElec    .         Reflect  .   (no cloak)
rCorr    .         Harm     .   (gloves unavailable)
MR       +....     NoTele   +   (boots unavailable)
Stlth    ++++++++++             (no amulet)
HPRegen  0.17/turn              k - ring of poison resistance (curse)
MPRegen  0.19/turn              l - ring of protection from fire

@: flying, wreathed by umbra, very quick
A: very small, unfitting armour, see invisible, herbivore, speed 3, slow
metabolism 2
a: Shadow Step, Renounce Religion


You were in the Dungeon.
You worshipped Dithmenos.
Dithmenos was greatly pleased with you.
You were not hungry.

You visited 1 branch You collected 1215 gold pieces.
You spent 673 gold pieces at shops.

Inventory:

Hand Weapons
 a - a +1 dagger (weapon)
Armour
 b - a +0 robe (worn)
Jewellery
 k - a cursed ring of poison resistance (left hand)
 l - a ring of protection from fire (right hand)
Scrolls
 j - a scroll of blinking
Potions
 c - a potion of agility {unknown}
 e - a potion of curing
 f - a potion of heal wounds
 g - 2 potions of flight
 h - a potion of magic
 i - a potion of resistance
Comestibles
 d - 2 rations


   Skills:
 + Level 6.2 Fighting
 * Level 11.5 Short Blades
 * Level 14.7 Dodging
 * Level 18.7 Stealth
 + Level 9.4 Spellcasting
 * Level 12.9 Hexes


You had 18 spell levels left.
You knew the following spells:

 Your Spells              Type           Power        Failure   Level  Hunger
a - Corona                Hex            #####..      1%          1    None
b - Ensorcelled Hibernat  Hex/Ice        ####..       1%          2    None
c - Confuse               Hex            #####...     1%          3    None
d - Dazzling Spray        Conj/Hex       ####..       1%          3    None

Your spell library contained the following spells:

 Spells                   Type           Power        Failure   Level  Hunger
 Tukima's Dance           Hex            #####...     1%          3    None


Dungeon Overview and Level Annotations

Branches:
Dungeon (1/1)

Altars:
Cheibriados
Dithmenos
Elyvilon
Fedhas
Gozag
Hepliaklqana
Kikubaaqudgha
Makhleb
Nemelex Xobeh
Okawaru
Qazlal
Ru
Sif Muna
Trog
Uskayaw
Vehumet
Wu Jian
Xom
Yredelemnul
Zin
The Shining One
Beogh
Jiyva
Lugonu

Shops:
D !=:=}[(%%:[?*!%!

Annotations:
D exclusion: oklob plant


Innate Abilities, Weirdness & Mutations

You are very small and have problems with some larger weapons.
You are too small for most types of armour.
You have supernaturally acute eyesight. (SInv)
You are a herbivore.
You cover ground extremely quickly.
You need to consume almost no food.


Message History

Aiming: Dazzling Spray (safe; 1% risk of failure)
Press: ? - help, Shift-Dir - straight line, f - deep elf master archer
Aim: a deep elf master archer, wielding a longbow and wearing a leather armour The spray of energy misses the deep elf master archer.
The deep elf master archer shoots an arrow.
The arrow hits you!!
You hear a sizzling splash.
Casting: Dazzling Spray (safe; 1% risk of failure)
Confirm with . or Enter, or press ? or * to list all spells.
Aiming: Dazzling Spray (safe; 1% risk of failure)
Press: ? - help, Shift-Dir - straight line, f/p - deep elf master archer
Aim: a deep elf master archer, wielding a longbow and wearing a leather armour The spray of energy hits the deep elf master archer.
The deep elf master archer is lightly wounded.
The deep elf master archer shoots an arrow.
The arrow closely misses you.
The deep elf master archer shoots an arrow.
The arrow hits you!!
Ouch! That really hurt!
You die...

####+ ##§§§≈§§≈ ##§§§§≈§≈
+≈§§≈§8≈≈ ##++## #≈§§§≈≈
##≈...### ≈## ≈§§≈
#e@....(###
###≈≈#+++#+++#####....#†##
##≈≈≈.........#..'^..^#..#
.#≈≈≈≈.##'##..#.†####.#..#
.#≈≈≈≈###..##.####..'.##.#
.#≈≈≈≈#.##..#....#..#^..##
.#≈≈####.#.####..#####..#
.#


$?$[ .#≈##.###'###.##..#..'..# .#▓!?%? ∩#≈#..###.##.).#..#..#.^# .#▓!$!? You
could see a deep elf master archer.

Vanquished Creatures
  A crystal guardian (D)
  2 death drakes (D)
  A merfolk siren (D)
  2 spiny frogs (D)
  A yaktaur (D)
  2 tyrant leeches (D)
  3 polar bears (D)
  A hornet (D)
  3 slime creatures (D)
  Menkaure (D)
  2 swamp drakes (D)
  A hell rat (D)
  4 worker ants (D)
  A spectral adder (D)
  3 worms (D)
  A spectral ball python (D)
29 creatures vanquished.

Vanquished Creatures (others)
  A crocodile (D)
1 creature vanquished.

Grand Total: 30 creatures vanquished

Notes
Turn   | Place    | Note
-------+----------+-------------------------------------------
     0 | D        | Groucho the Spriggan Enchanter began the quest for the Orb.
     0 | D        | Reached XP level 1. HP: 9/9 MP: 5/5
     1 | D        | Noticed a merfolk siren
     8 | D        | Reached skill level 6 in Stealth
    11 | D        | Reached skill level 7 in Stealth
    15 | D        | Reached skill level 8 in Stealth
    15 | D        | Reached XP level 2. HP: 13/13 MP: 6/6
    51 | D        | Learned a level 2 spell: Ensorcelled Hibernation
    55 | D        | Noticed a tyrant leech
    55 | D        | Noticed a tyrant leech
    62 | D        | Reached skill level 10 in Stealth
    62 | D        | Reached XP level 3. HP: 16/16 MP: 8/8
    63 | D        | Reached skill level 12 in Stealth
    65 | D        | Reached XP level 4. HP: 21/21 MP: 9/9
    68 | D        | Reached skill level 1 in Fighting
    78 | D        | Killed a merfolk siren
    78 | D        | Reached skill level 14 in Stealth
    78 | D        | Reached skill level 5 in Spellcasting
    78 | D        | Reached XP level 5. HP: 28/28 MP: 9/13
    78 | D        | Reached XP level 6. HP: 32/32 MP: 9/14
   308 | D        | Noticed an orange crystal statue
   310 | D        | Noticed Menkaure
   320 | D        | Learned a level 3 spell: Confuse
   329 | D        | Killed a tyrant leech
   329 | D        | Reached XP level 7. HP: 27/36 MP: 1/16
   462 | D        | Learned a level 3 spell: Dazzling Spray
   791 | D        | Killed a tyrant leech
   791 | D        | Reached skill level 10 in Dodging
   791 | D        | Reached skill level 15 in Stealth
   832 | D        | Found Wuttodar's Distillery.
   832 | D        | Found Haiklet's Food Boutique.
   832 | D        | Found Fitwit's Magic Scroll Shop.
   832 | D        | Found Foupucw's General Store.
   832 | D        | Found Wasais's Book Boutique.
   832 | D        | Found Vuiwn's Antique Armour Boutique.
   832 | D        | Found Yhih Pojy's Food Shop.
   833 | D        | Found Vashoufi's Distillery.
   833 | D        | Found Kimanuh's Food Shop.
   834 | D        | Found Ocliapsa's Antique Weapon Shop.
   834 | D        | Found Lesaosil's Antique Armour Boutique.
   839 | D        | Found Wittemu's Gadget Shop.
   839 | D        | Found Kozxeedgh's Jewellery Boutique.
   839 | D        | Noticed a great orb of eyes
   839 | D        | Noticed an oklob plant
   841 | D        | Found Hesit's Jewellery Shop.
   841 | D        | Found Zeq Navodomo's Distillery.
   841 | D        | Found Xodghudi's Book Shoppe.
   841 | D        | Noticed a redback
   845 | D        | Killed Menkaure
   849 | D        | Noticed a redback
   853 | D        | Bought a potion of flight for 39 gold pieces
   853 | D        | Bought a potion of resistance for 130 gold pieces
   861 | D        | Bought a cursed ring of poison resistance for 204 gold
                  | pieces
   861 | D        | Bought an uncursed ring of protection from fire for 300
                  | gold pieces
   911 | D        | Found a stormy altar of Qazlal.
   911 | D        | Found an ornate altar of the Wu Jian Council.
   912 | D        | Found a hazy altar of Hepliaklqana.
   912 | D        | Found a sacrificial altar of Ru.
   912 | D        | Found a shimmering altar of Xom.
   913 | D        | Found a roughly hewn altar of Beogh.
   913 | D        | Found a viscous altar of Jiyva.
   913 | D        | Found a deep blue altar of Sif Muna.
   914 | D        | Found a snail-covered altar of Cheibriados.
   914 | D        | Found an ancient bone altar of Kikubaaqudgha.
   914 | D        | Found a bloodstained altar of Trog.
   915 | D        | Found a shadowy altar of Dithmenos.
   915 | D        | Found a corrupted altar of Lugonu.
   918 | D        | Found a white marble altar of Elyvilon.
   918 | D        | Found a burning altar of Makhleb.
   919 | D        | Found a blossoming altar of Fedhas.
   921 | D        | Found an opulent altar of Gozag.
   921 | D        | Found a glowing golden altar of the Shining One.
   921 | D        | Found a basalt altar of Yredelemnul.
   921 | D        | Found a hide-covered altar of Uskayaw.
   921 | D        | Found a sparkling altar of Nemelex Xobeh.
   921 | D        | Noticed a hornet
   921 | D        | Noticed a polar bear
   921 | D        | Noticed a polar bear
   922 | D        | Found a glowing silver altar of Zin.
   922 | D        | Found a radiant altar of Vehumet.
   922 | D        | Found an iron altar of Okawaru.
   922 | D        | Noticed a yaktaur
   926 | D        | Became a worshipper of Dithmenos the Shadowed
   930 | D        | Noticed a polar bear
   937 | D        | Killed a polar bear
   937 | D        | Reached XP level 8. HP: 42/42 MP: 11/19
   939 | D        | Killed a polar bear
   939 | D        | Reached skill level 16 in Stealth
   939 | D        | Reached skill level 10 in Hexes
   943 | D        | Killed a yaktaur
   943 | D        | Reached * piety under Dithmenos
   949 | D        | Killed a hornet
   957 | D        | Killed a polar bear
   957 | D        | Reached XP level 9. HP: 27/46 MP: 16/21
   970 | D        | Reached ** piety under Dithmenos
   987 | D        | Reached skill level 5 in Fighting
   988 | D        | Reached skill level 17 in Stealth
   990 | D        | Reached *** piety under Dithmenos
   990 | D        | Reached skill level 10 in Short Blades
  1110 | D        | Noticed a deep elf master archer
  1113 | D        | Noticed a spiny frog
  1113 | D        | Noticed a spiny frog
  1115 | D        | Killed a spiny frog
  1117 | D        | Killed a spiny frog
  1131 | D        | Noticed a death drake
  1132 | D        | Noticed a death drake
  1132 | D        | Noticed a crystal guardian
  1134 | D        | Reached **** piety under Dithmenos
  1136 | D        | Killed a crystal guardian
  1136 | D        | Reached skill level 18 in Stealth
  1136 | D        | Reached XP level 10. HP: 53/53 MP: 22/24
  1137 | D        | Killed a death drake
  1139 | D        | Killed a death drake
  1159 | D        | Shot with an arrow by a deep elf master archer

Skill      XL: |  1  2  3  4  5  6  7  8  9 10 |
---------------+-------------------------------+-----
Stealth        | 8 10 12 14 15 16 18 | 18.7
Spellcasting   | 3 5 6 7 9 |  9.4
Hexes          | 4 7 8 9 10 12 | 12.9
Fighting       | 2 3 4 5 6 |  6.2
Short Blades   | 6 8 9 11 | 11.5
Dodging        | 8 9 10 12 14 | 14.7

Action                   |  1- 3 |  4- 6 |  7- 9 | 10-12 || total
-------------------------+-------+-------+-------+-------++-------
Melee: Dagger            |    12 |     7 |    41 |     2 ||    62
 Cast: Ensorcelled Hiber |       |     4 |     7 |       ||    11
       Confuse           |       |     2 |     5 |       ||     7
       Dazzling Spray    |       |       |     2 |     2 ||     4
  Use: Potion            |     1 |       |     3 |     1 ||     5
 Stab: Sleeping          |     3 |     2 |    12 |     2 ||    19
       Confused          |       |     3 |     8 |       ||    11
Dodge: Dodged            |       |     2 |    11 |     2 ||    15
